 Dungeon Sprint DCSS version 0.31-a0-963-ga325b2283a (webtiles) character file.

Game seed: 8924893686682734293

9754 sircluck the Brawler (level 11, -7/190 HPs)
             Began as a Troll Berserker on Oct 25, 2023.
             Was a High Priest of Trog.
             Mangled by a ghost moth (10 damage)
             ... in the Dungeon (Sprint VII: "The Pits").
             The game lasted 00:04:06 (1065 turns).

sircluck the Brawler (Troll Berserker)              Turns: 1065, Time: 00:04:07

Health: -7/190     AC:  7    Str: 29 (31) XL:     11   Next: 27%
Magic:  0/10       EV: 14    Int:  2 (3)  God:    Trog [*****.]
Gold:   0          SH:  0    Dex: 10 (12) Spells: 10/10 levels left

rFire   . .          .
                       - Unarmed
rCold   . . .        (no shield)
rNeg    . . .        a - +0 animal skin
rPois   .            (helmet restricted)
rElec   .            (no cloak)
rCorr   .            (gloves unavailable)
SInv    .            (boots unavailable)
Will    .....        (no amulet) Stlth
                     k - +3 ring of protection
HPRegen 1.31/turn    l - +3 ring of dexterity
MPRegen 0.12/turn

%: no teleportation
@: berserking, very quick
A: large, unfitting armour, claws 3, regeneration 1, shaggy fur 1, tough skin 1
a: Renounce Religion, Berserk, Trog's Hand, Brothers in Arms


You were in the Dungeon.
You worshipped Trog.
Trog was extremely pleased with you.
You visited 1 branch

Inventory:

Armour
 a - a +0 animal skin (worn)
Jewellery
 k - a +3 ring of protection (left claw)
 l - a +3 ring of dexterity (right claw)
Scrolls
 i - 2 scrolls of vulnerability
 j - a scroll of butterflies
Potions
 b - 6 potions of curing
 c - 6 potions of heal wounds
 d - 3 potions of haste
 e - 4 potions of magic
 f - 4 potions of berserk rage
 h - 2 potions of invisibility
 m - a potion of might


   Skills:
 + Level 13.4 Fighting
 + Level 7.4 Armour
 + Level 13.3 Dodging
 + Level 15.6 Unarmed Combat


You had 10 spell levels left.
You didn't know any spells.
Your spell library was empty.

Dungeon Overview and Level Annotations

Branches:
Dungeon (1/1)

Altars:
Ashenzari
Cheibriados
Dithmenos
Elyvilon
Fedhas
Gozag
Hepliaklqana
Kikubaaqudgha
Makhleb
Nemelex Xobeh
Okawaru
Qazlal
Ru
Sif Muna
Trog
Uskayaw
Vehumet
Wu Jian
Xom
Yredelemnul
Zin
The Shining One
Jiyva
Lugonu


Innate Abilities, Weirdness & Mutations

You are too large for most types of armour.
You have claws for hands.
Your natural rate of healing is unusually fast.
You are covered in fur. (AC +1)
You have tough skin. (AC +1)


Message History

Items here: )))) [ †††.
You swap places.
You feel you are being watched by something.
There is an open door, spattered with blood here.
Things that are here:
a +4 dire flail; a +0 whip
There is an open door here.
Things that are here:
a hornet corpse; a boulder beetle corpse You feel much better.
Your troll rages.
Something hits your troll! x2; Something stings your troll!
Your troll rages.
You feel you are being watched by something.
You feel you are being watched by something.
You feel your power leaking away.
You feel you are being watched by something.
Something hits your troll!!
Your troll dies!
Your troll's corpse disappears in a puff of smoke!
A red film seems to cover your vision as you go berserk!
You feel yourself moving faster!
You feel mighty!
You barely miss something.
You feel you are being watched by something.
Something hits you!!
* * * LOW HITPOINT WARNING * * *
Something hits you!
* * * LOW HITPOINT WARNING * * *
You feel weakened. Something stings you!
* * * LOW HITPOINT WARNING * * *
You feel dopey.
Unknown command.
Unknown command.
Unknown command.
You scratch something. You completely miss something. Something hits you!
* * * LOW HITPOINT WARNING * * *
Something hits you!
You die...

))[.##.......##..#...##)..)......
))[.##.......##..)..##..).###...{
######.......##.##..#.......###..
.#..#############...+.........#
.#.#############....#....####..#
.#)#....#!.[[##.)#..##..## ..
.#†#....#.![[##.###..##.+ .
.#.)....'..))####.##).#)##
.#†#....#..))###@..†..)..#
.'.#....#..))##....#..##.......
####################### #######


There were no monsters in sight!

Vanquished Creatures
  A vampire knight (D)
  A catoblepas (D)
  2 boulder beetles (D)
  A two-headed ogre (D)
  A sun demon (D)
  2 deep elf zephyrmancers (D)
  A black mamba (D)
  A troll (D)
  A hornet (D)
  A flying skull (D)
  A ynoxinul (D)
  A fire bat (D)
  A basilisk (D)
  3 redbacks (D)
  A warg (D)
  2 ice beasts (D)
  6 wolves (D)
  2 bullfrogs (D)
  A necrophage (D)
  A quasit (D)
  An iron imp (D)
  An orc wizard (D)
  3 gnolls (D)
  An adder (D)
  2 river rats (D)
  2 ufetubi (D)
  2 orcs (D)
  A bat skeleton (D)
  A bat zombie (D)
  3 kobolds (D)
  2 quokkas (D)
  A frilled lizard (D)
  A rat (D)
52 creatures vanquished.

Vanquished Creatures (collateral kills)
  Urug (D)
  A molten gargoyle (D)
  A hornet (D)
  A flying skull (D)
  2 spriggans (D)
  2 redbacks (D)
  A water moccasin (D)
  A phantom (D)
  An orc priest (D)
  An orc wizard (D)
  2 orcs (D)
  A quokka skeleton (D)
15 creatures vanquished.

Grand Total: 67 creatures vanquished

Notes
Turn   | Place    | Note
-------+----------+-------------------------------------------
     0 | D        | sircluck the Troll Berserker began the quest for the Orb.
     0 | D        | Reached XP level 1. HP: 22/22 MP: 0/0
    25 | D        | Found a bloodstained altar of Trog.
    25 | D        | Found a shimmering blue altar of Sif Muna.
    25 | D        | Found a viscous altar of Jiyva.
    25 | D        | Found a hazy altar of Hepliaklqana.
    25 | D        | Found an opulent altar of Gozag.
    26 | D        | Found a glowing golden altar of the Shining One.
    26 | D        | Found a glowing silver altar of Zin.
    26 | D        | Found a basalt altar of Yredelemnul.
    26 | D        | Found a shimmering altar of Xom.
    26 | D        | Found an ornate altar of the Wu Jian Council.
    26 | D        | Found a sacrificial altar of Ru.
    26 | D        | Found a stormy altar of Qazlal.
    26 | D        | Found an iron altar of Okawaru.
    26 | D        | Found a sparkling altar of Nemelex Xobeh.
    26 | D        | Found a burning altar of Makhleb.
    26 | D        | Found a blossoming altar of Fedhas.
    26 | D        | Found a white marble altar of Elyvilon.
    26 | D        | Found a shadowy altar of Dithmenos.
    26 | D        | Found a snail-covered altar of Cheibriados.
    29 | D        | Found a corrupted altar of Lugonu.
    29 | D        | Found a radiant altar of Vehumet.
    30 | D        | Found an ancient bone altar of Kikubaaqudgha.
    30 | D        | Found a hide-covered altar of Uskayaw.
    30 | D        | Found a broken altar of Ashenzari.
    66 | D        | Reached XP level 2. HP: 31/31 MP: 1/1
    68 | D        | Reached ** piety under Trog
    69 | D        | Reached skill level 4 in Unarmed Combat
    81 | D        | Reached XP level 3. HP: 14/39 MP: 2/2
   110 | D        | Reached *** piety under Trog
   113 | D        | Reached skill level 5 in Unarmed Combat
   167 | D        | Noticed an ice beast
   178 | D        | Reached **** piety under Trog
   203 | D        | Reached XP level 4. HP: 28/49 MP: 3/3
   204 | D        | Killed an ice beast
   205 | D        | Reached skill level 5 in Fighting
   205 | D        | Reached skill level 5 in Dodging
   205 | D        | Reached skill level 6 in Unarmed Combat
   205 | D        | Reached XP level 5. HP: 36/59 MP: 4/4
   260 | D        | Reached ***** piety under Trog
   261 | D        | Reached skill level 7 in Unarmed Combat
   286 | D        | Noticed a redback
   289 | D        | Killed a redback
   290 | D        | Reached skill level 8 in Unarmed Combat
   290 | D        | Reached XP level 6. HP: 71/71 MP: 5/5
   293 | D        | Noticed a fire bat
   297 | D        | Killed a fire bat
   298 | D        | Reached skill level 9 in Unarmed Combat
   299 | D        | Reached XP level 7. HP: 46/79 MP: 6/6
   334 | D        | Noticed a spriggan
   334 | D        | Noticed a molten gargoyle
   334 | D        | Noticed a flying skull
   336 | D        | Killed a spriggan
   337 | D        | Reached skill level 10 in Unarmed Combat
   337 | D        | Killed a molten gargoyle
   337 | D        | Killed a flying skull
   337 | D        | Received a gift from Trog
   338 | D        | Reached skill level 11 in Unarmed Combat
   338 | D        | Reached XP level 8. HP: 92/92 MP: 7/7
   427 | D        | Noticed Urug
   428 | D        | Noticed a black mamba
   435 | D        | Killed a black mamba
   437 | D        | Reached skill level 10 in Fighting
   439 | D        | Killed Urug
   440 | D        | Reached skill level 10 in Dodging
   440 | D        | Reached skill level 12 in Unarmed Combat
   440 | D        | Reached XP level 9. HP: 59/102 MP: 1/8
   499 | D        | Noticed a troll
   535 | D        | Received a gift from Trog
   547 | D        | Killed a troll
   548 | D        | Reached skill level 13 in Unarmed Combat
   595 | D        | Noticed a catoblepas
   609 | D        | Killed a catoblepas
   624 | D        | Identified the +8 glaive of Comn {flame, Str+5} (Trog
                  | gifted it to you in the Dungeon)
   624 | D        | Received a gift from Trog
   627 | D        | Reached XP level 10. HP: 115/115 MP: 9/9
   647 | D        | Noticed a deep elf zephyrmancer
   653 | D        | Killed a deep elf zephyrmancer
   653 | D        | Received a gift from Trog
   662 | D        | Noticed a sun demon
   667 | D        | Reached skill level 14 in Unarmed Combat
   671 | D        | Killed a sun demon
   844 | D        | Noticed a boulder beetle
   858 | D        | Killed a boulder beetle
   859 | D        | Reached skill level 5 in Armour
   881 | D        | Received a gift from Trog
   890 | D        | Noticed a deep elf zephyrmancer
   890 | D        | Noticed a boulder beetle
   893 | D        | Killed a deep elf zephyrmancer
   896 | D        | Killed a boulder beetle
   902 | D        | Reached skill level 15 in Unarmed Combat
   970 | D        | Reached ****** piety under Trog
   975 | D        | Noticed a two-headed ogre
   982 | D        | Killed a two-headed ogre
   983 | D        | Reached XP level 11. HP: 110/127 MP: 10/10
   986 | D        | Received a gift from Trog
  1027 | D        | Noticed a spriggan rider
  1027 | D        | Noticed a vampire knight
  1031 | D        | Killed a spriggan rider
  1033 | D        | Received a gift from Trog
  1044 | D        | Killed a vampire knight
  1049 | D        | HP: 3/127 [something (17)]
  1065 | D        | HP: 3/190 [something (16)]
  1065 | D        | Mangled by a ghost moth

Illustrated notes

Levels and vault maps discovered:
D:        pitsprint [storerooms_1, entrance_room_1, metal_vault_7, armoury_2,
          mini_pit_1, grid_room_1, main_hall_1, silver_pit, the_coven_1,
          the_vestibule_1, steel_vault_5, golden_pit, hallway_of_sentries,
          crystal_vault_4, iron_vault_4, final_vault]

Skill      XL: |  1  2  3  4  5  6  7  8  9 10 11 |
---------------+----------------------------------+-----
Fighting       | 3 4 5 7 9 10 11 13 | 13.4
Dodging        | 3 4 5 6 7 9 10 11 12 13 | 13.3
Unarmed Combat | 4 5 6 8 9 11 12 13 15 | 15.6
Armour         | 3 6 7 |  7.4

Action                     |  1- 3 |  4- 6 |  7- 9 | 10-12 || total
---------------------------+-------+-------+-------+-------++-------
  Melee: Unarmed           |    37 |    13 |    32 |    59 ||   141
         Punch             |     1 |       |     1 |     3 ||     5
 Invoke: Berserk           |     1 |       |     1 |     3 ||     5
         Brothers in Arms  |       |       |     3 |     2 ||     5
    Use: Potion            |       |       |       |     5 ||     5
         Scroll            |       |       |       |     1 ||     1
   Stab: Petrified         |       |       |     2 |       ||     2
 Armour: Animal skin       |    46 |    29 |    44 |    54 ||   173
  Dodge: Dodged            |    26 |    51 |    50 |    23 ||   150

Table legend: (Time is in decaauts)
 A = Elapsed time spent in this place.
 B = Non-inter-level travel time spent in this place.
 C = Inter-level travel time spent in this place.
 D = Time resting spent in this place.
 E = Time spent auto-exploring this place.
 F = Levels seen in this place.
 G = Mean time per level.
                   A        B        C        D        E       F      G
               +--------+--------+--------+--------+--------+-----+--------+
         Total |   1084 |   1058 |     26 |    192 |    178 |   1 | 1084.0 |
       Dungeon |   1084 |   1058 |     26 |    192 |    178 |   1 | 1084.0 |
               +--------+--------+--------+--------+--------+-----+--------+

Top non-repeatable levels by time:
       D: 1084 daAuts
